 Dungeon Crawl Stone Soup version 0.32-a0-433-g08bcfe7efd (webtiles) character file.

Game seed: 8645209587506714076

65 greynaab the Chopper (level 3, -7/29 HPs)
             Began as a Mummy Fighter on Feb 22, 2024.
             Was a Follower of Uskayaw.
             Mangled by Terence
             ... wielding a +0 falchion
              (9 damage)
             ... on level 2 of the Dungeon.
             The game lasted 00:03:18 (1381 turns).

greynaab the Chopper (Mummy Fighter)                Turns: 1381, Time: 00:03:18

Health: -7/29      AC:  7    Str: 21    XL:     3   Next: 94%
Magic:  3/3        EV:  9    Int:  7    God:    Uskayaw [*.....]
Gold:   51         SH:  4    Dex: 11    Spells: 2/2 levels left

rFire   x . .        a - +0 war axe
rCold   + . .        c - +0 buckler
rNeg    + + +        b - +0 scale mail
rPois   ∞            j - +0 helmet
rElec   .            (no cloak)
rCorr   .            (no gloves)
SInv    .            (no boots)
Will    .....        (no amulet) Stlth
                     (no ring)
HPRegen 0.24/turn    (no ring)
MPRegen 0.08/turn

%: faith
@: no status effects
A: cold resistance 1, negative energy resistance 3, torment resistance 2, heat
vulnerability 1, in touch with death 1, no potions, faith
a: Renounce Religion, Stomp


You were on level 2 of the Dungeon.
You worshipped Uskayaw.
Uskayaw was noncommittal.
You visited 1 branch of the dungeon, and saw 2 of its levels.

You collected 51 gold pieces.

Inventory:

Hand Weapons
 a - a +0 war axe (weapon)
Missiles
 e - 4 poisoned darts (quivered)
Armour
 b - a +0 scale mail (worn)
 c - a +0 buckler (worn)
 j - a +0 helmet (worn)
Scrolls
 d - a scroll of fog {unknown}
 f - a scroll of teleportation {unknown}
 g - a scroll of vulnerability {unknown}
 h - a scroll of enchant armour {unknown}
 i - a scroll of revelation {unknown}


   Skills:
 - Level 3.0 Fighting
 * Level 3.4 Axes
 - Level 2.4 Armour
 - Level 2.4 Shields
 + Level 0.7 Invocations


You had 2 spell levels left.
You didn't know any spells.
Your spell library contained the following spells:

 Spells                   Type           Power      Damage    Failure   Level
 Cigotuvi's Dreadful Rot  Necr/Alch/Air  0%         N/A       94%         2
 Anguish                  Hex/Necr       0%         N/A       100%        4
 Cause Fear               Hex            0%         N/A       100%        4
 Ignite Poison            Fire/Alch      0%         N/A       100%        4
 Freezing Cloud           Conj/Ice/Air   0%         6-21      100%        5
 Enfeeble                 Hex            0%         N/A       100%        7


Dungeon Overview and Level Annotations

Branches:
Dungeon (2/15) Zot: 10562

Altars:
Uskayaw

Annotations:
D:2 Terence


Innate Abilities, Weirdness & Mutations

You are immune to poison.
Your flesh is cold resistant. (rC+)
You are immune to negative energy. (rN+++)
You are immune to unholy pain and torment.
You are vulnerable to heat. (rF-)
You are in touch with the powers of death.
You do not drink.
You have a special connection with the divine. (Faith)


Message History

You hit Terence.
Terence is lightly wounded.
Terence hits you with a +0 falchion.
You hit Terence but do no damage.
Terence is lightly wounded.
Terence hits you with a +0 falchion.
You hit Terence.
Terence is moderately wounded.
Terence screams, "I'm going to kill you!"
You block Terence's attack. Terence misses you.
You barely miss Terence.
Terence is moderately wounded.
You block Terence's attack.
You hit Terence.
Terence is heavily wounded.
Terence hits you with a +0 falchion.
You barely miss Terence.
Terence is heavily wounded.
Terence hits you with a +0 falchion! You block Terence's attack.
You hit Terence.
Terence is heavily wounded.
Terence closely misses you.
You can now pass through a line of other dancers.
You barely miss Terence.
Terence is heavily wounded.
Terence hits you with a +0 falchion.
You barely miss Terence.
Terence is heavily wounded.
Terence barely misses you. Terence hits you but does no damage.
You barely miss Terence.
Terence is heavily wounded.
Terence hits you with a +0 falchion!
* * * LOW HITPOINT WARNING * * *
You can no longer pass through a line of other dancers.
You barely miss Terence.
Terence is heavily wounded.
You block Terence's attack. Terence hits you with a +0 falchion!
You die...
Terence says, "Time to find some more victims."
Your body falls in perfect tune with the rhythm.

###.##..... #..
..... .< ##...
### ... .... #.#
# ...# #.. .#
...# #.. ..#
...# #.# ...#
...# #.##....##
...#
#######.@@......
...#
.......†##.#..##
...# #######.# #
#### #.....#
#.##### #.# #.#
#.# #.#


You could see Terence.

Vanquished Creatures
  Robin (D:2)
  3 dart slugs
  An orc (D:2)
  2 ball pythons (D:1)
  2 bats (D:1)
  2 endoplasms (D:1)
  3 giant cockroaches (D:1)
  7 goblins
  5 hobgoblins
  4 jackals (D:1)
  2 quokkas (D:1)
  4 frilled lizards (D:1)
  3 kobolds (D:1)
  4 rats
43 creatures vanquished.

Notes
Turn   | Place    | Note
-------+----------+-------------------------------------------
     0 | D:1      | greynaab the Mummy Fighter began the quest for the Orb.
     0 | D:1      | Reached XP level 1. HP: 18/18 MP: 1/1
   189 | D:1      | Reached XP level 2. HP: 24/24 MP: 2/2
   400 | D:1      | Reached XP level 3. HP: 29/29 MP: 3/3
   921 | D:2      | Found a faded altar of an unknown god.
   929 | D:2      | Prayed at the altar of an unknown god.
   929 | D:2      | Became a worshipper of Uskayaw the Reveller
   929 | D:2      | Reached * piety under Uskayaw
   945 | D:2      | Noticed Robin
  1178 | D:2      | Reached ** piety under Uskayaw
  1179 | D:2      | Killed Robin
  1365 | D:2      | Noticed Terence
  1381 | D:2      | Mangled by Terence

Illustrated notes

Levels and vault maps discovered:
D:1:      dpeg_arrival_refuge, layout_basic, solitary_fountain
D:2:      layout_basic, hellmonk_ecumenical_altar_zigzags, minmay_lizard_king,
          uniq_robin, uniq_terence

Skill      XL: |  1  2  3 |
---------------+----------+-----
Axes           | 2 3 |  3.4
Fighting       | |  3.0
Armour         | |  2.4
Shields        | |  2.4
Invocations    | |  0.7

Action                     || total
---------------------------++-------
  Melee: War axe           ||   131
 Armour: Scale mail        ||    78
  Dodge: Dodged            ||    54
  Block: Buckler           ||    24

Table legend: (Time is in decaauts)
 A = Elapsed time spent in this place.
 B = Non-inter-level travel time spent in this place.
 C = Inter-level travel time spent in this place.
 D = Time resting spent in this place.
 E = Time spent auto-exploring this place.
 F = Levels seen in this place.
 G = Mean time per level.
                   A        B        C        D        E       F      G
               +--------+--------+--------+--------+--------+-----+--------+
         Total |   1436 |   1409 |     27 |    150 |    877 |   2 |  718.0 |
       Dungeon |   1436 |   1409 |     27 |    150 |    877 |   2 |  718.0 |
               +--------+--------+--------+--------+--------+-----+--------+

Top non-repeatable levels by time:
     D:1: 1096 daAuts
     D:2: 339 daAuts
